 Dungeon Crawl Stone Soup version 0.27-a0-1384-g1422d76b99 (webtiles) character file.

Game seed: 11544880922453394410

6744 Brandom the Grappler (level 10, -1/103 (106) HPs)
             Began as a Troll Delver on June 30, 2021.
             Was an Elder of Nemelex Xobeh.
             Splashed by an acid dragon's acid (15 damage)
             ... on level 8 of the Dungeon.
             The game lasted 00:26:02 (6697 turns).

Brandom the Grappler (Troll Delver)                 Turns: 6697, Time: 00:26:02

HP:   -1/103 (106)  AC:  0    Str: 22    XL:     10   Next: 75%
MP:   13/13         EV: 10    Int:  6    God:    Nemelex Xobeh [****..]
Gold: 420           SH:  8    Dex: 14    Spells: 9/9 levels left

rFire    . . .     SeeInvis .     - Unarmed
rCold    . . .     Faith    .   G - +0 kite shield
rNeg     . . .     Spirit   .   F - +0 robe {Will+}
rPois    +         Reflect  .   (helmet restricted)
rElec    .         Harm     .   (no cloak)
rCorr    .         Rampage  .   (gloves unavailable)
Will     ++...                  (boots unavailable)
Stlth    ++........             (no amulet)
HPRegen  1.27/turn              l - ring of poison resistance
MPRegen  0.13/turn              t - ring of willpower

@: corroded, lightly drained
A: large, unfitting armour, claws 3, regeneration 1, shaggy fur 1, tough skin 1
a: Renounce Religion, Draw Escape, Draw Destruction, Draw Summoning, Triple
Draw, Deal Four


You were on level 8 of the Dungeon.
You worshipped Nemelex Xobeh.
Nemelex Xobeh was greatly pleased with you.
You visited 1 branch of the dungeon, and saw 8 of its levels.
You also visited: Ossuary.

You collected 420 gold pieces.

Inventory:

Hand Weapons
 z - a +0 giant spiked club
   (You took it off an ogre on level 5 of the Dungeon)
Missiles
 H - a curare-tipped dart (quivered) {!f}
Armour
 a - a +0 robe
 s - a +2 robe of positive energy
   (You took it off Pikel on level 4 of the Dungeon)
 D - a scarf of shadows
   (You found it on level 6 of the Dungeon)
 F - a +0 robe of willpower (worn)
   (You took it off Blork the orc on level 6 of the Dungeon)
 G - a +0 kite shield (worn)
   (You took it off a gnoll sergeant on level 7 of the Dungeon)
Jewellery
 e - an amulet of magic regeneration
   (You found it on level 1 of the Dungeon)
 l - a ring of poison resistance (left claw)
   (You found it on level 1 of the Dungeon)
 t - a ring of willpower (right claw)
   (You found it on level 4 of the Dungeon)
 w - a ring of resist corrosion
   (You found it on level 6 of the Dungeon)
 C - an amulet of faith {!P}
   (You found it on level 5 of the Dungeon)
 I - a ring of protection from cold
   (You found it on level 8 of the Dungeon)
 J - a ring of willpower
   (You found it on level 8 of the Dungeon)
Wands
 d - a wand of iceblast (9)
   (You found it on level 3 of the Dungeon)
 v - a wand of digging (4)
 x - a wand of acid (15)
   (You found it on level 2 of the Dungeon)
Scrolls
 b - a scroll of fog
 c - 2 scrolls of enchant weapon {unknown}
 h - a scroll of blinking {unknown}
 i - a scroll of holy word
 m - 2 scrolls of noise {!r}
 n - 6 scrolls of teleportation {@r4}
 o - a scroll of magic mapping
 q - 3 scrolls of fear
 y - 3 scrolls of identify {@r1}
 B - 2 scrolls of enchant armour {unknown}
Potions
 f - 2 potions of ambrosia
 g - 3 potions of heal wounds {@q2}
 j - 3 potions of curing {@q1}
 k - 2 potions of degeneration {unknown}
 p - a potion of mutation {unknown}
 r - a potion of brilliance {unknown}
 u - 2 potions of flight
 A - a potion of lignification {unknown}
 E - a potion of attraction {unknown}


   Skills:
 * Level 8.4 Fighting
 + Level 5.8 Dodging
 - Level 2.7 Stealth
 + Level 2.1 Shields
 * Level 9.8 Unarmed Combat
 + Level 5.3 Invocations


You had 9 spell levels left.
You didn't know any spells.
Your spell library contained the following spells:

 Spells                   Type           Power      Damage    Failure   Level
 Corona                   Hex            0%         N/A       91%         1
 Magic Dart               Conj           0%         1d3       91%         1
 Shock                    Conj/Air       0%         1d3       91%         1
 Corpse Rot               Necr/Air       N/A        N/A       97%         2
 Ensorcelled Hibernation  Hex/Ice        0%         N/A       97%         2
 Searing Ray              Conj           0%         3d3       97%         2
 Static Discharge         Conj/Air       0%         N/A       97%         2
 Sublimation of Blood     Necr           0%         N/A       97%         2
 Confusing Touch          Hex            0%         N/A       100%        3
 Dazzling Flash           Conj/Hex       0%         N/A       100%        3
 Swiftness                Air            0%         N/A       100%        3
 Tukima's Dance           Hex            0%         N/A       100%        3
 Airstrike                Air            0%         N/A       100%        4
 Dispel Undead            Necr           0%         3d6       100%        4
 Fulminant Prism          Conj/Hex       0%         3d6       100%        4
 Iskenderun's Mystic Bla  Conj/Tloc      0%         2d3       100%        4
 Agony                    Necr           0%         N/A       100%        5
 Excruciating Wounds      Necr           0%         N/A       100%        5
 Lightning Bolt           Conj/Air       0%         1d11      100%        5


Dungeon Overview and Level Annotations

Branches:
Dungeon (8/15)             Temple (0/1) D:5         Ossuary (visited)
   Lair: D:8-11

Altars:
Cheibriados
Elyvilon
Hepliaklqana
Nemelex Xobeh
Okawaru
Uskayaw
Vehumet
Xom
Yredelemnul


Innate Abilities, Weirdness & Mutations

You are too large for most types of armour.
You have claws for hands.
Your natural rate of healing is unusually fast.
You are covered in fur. (AC +1)
You have tough skin. (AC +1)


Message History

A wight comes into view.
It is wielding a +4 falchion of freezing.
The wight hits you with a +0 trident.
You feel drained.
Unknown command.
You mangle the wight!!
You destroy the wight!
Your life force feels restored.
Unknown command.
Unknown command.
You claw the wight! The wight closely misses you.
You claw the wight!
You destroy the wight!
The wight hits you with a +4 falchion of freezing!
You feel drained. The wight freezes you.
You barely miss the acid dragon.
The wight hits you with a +4 falchion of freezing.
You feel drained. The wight freezes you. The acid dragon bites you!
The acid dragon claws you.
You scratch the acid dragon.
The wight hits you with a +4 falchion of freezing!
The wight freezes you. The acid dragon bites you.
The acid dragon barely misses you.
You scratch the acid dragon but do no damage.
The wight hits you with a +4 falchion of freezing.
The wight freezes you. The acid dragon barely misses you.
The acid dragon misses you.
You barely miss the acid dragon.
The wight hits you with a +4 falchion of freezing.
The wight freezes you. The acid dragon bites you.
The acid dragon closely misses you.
You claw the acid dragon!
The wight hits you with a +4 falchion of freezing!
* * * LOW HITPOINT WARNING * * *
The wight freezes you.
* * * LOW HITPOINT WARNING * * *
You block the acid dragon's attack.
The acid dragon claws you but does no damage.
You draw a card...
You have drawn the Swarm.
The wight hits you with a +4 falchion of freezing.
* * * LOW HITPOINT WARNING * * *
The wight freezes you.
* * * LOW HITPOINT WARNING * * *
The acid dragon bites you!
* * * LOW HITPOINT WARNING * * *
You block the acid dragon's attack. The acid dragon spits acid at you.
The splash of acid hits you!
* * * LOW HITPOINT WARNING * * *
The acid corrodes you!
You are splashed with acid!
You die...
Your body glows slightly and disappears.

####### #.....#
#.....# ##..?..##
#.......###
##.........
.......Dy## .
#..z..#
..###..@.# #
..........##.#.#
................
..........###..##
.#...............
#.#####..###.#..
#.##.....#
#.#...#.##
#.#...#.#


You could see an acid dragon (catching breath, ally target), a wight and a
friendly killer bee (summoned).

Vanquished Creatures
  Pikel (D:4)
  The ghost of totalnoob the Covert, a novice GnBr (D:5)
  A manticore (D:8)
  A gargoyle (D:8)
  A wraith (D:8)
  Sigmund (D:3)
  4 yaks (D:8)
  A wyvern (D:8)
  2 steam dragons (D:8)
  Edmund (D:4)
  A sky beast (D:7)
  2 orc warriors (D:7)
  An ice beast (D:6)
  2 ogres
  2 necrophages
  4 centaurs
  A phantom (D:5)
  A kobold brigand (D:8)
  Blork the orc (D:6)
  5 bullfrogs
  2 scorpions
  2 gnoll sergeants (D:7)
  A wyvern zombie (D:8)
  6 killer bees
  2 wights (D:8)
  5 howler monkeys
  4 centaur zombies
  A bullfrog zombie (D:5)
  3 gnoll shamans
  2 hounds
  3 jellies
  3 orc priests
  7 orc wizards
  3 iguanas (D:5)
  A killer bee zombie (D:8)
  A hound zombie (D:5)
  5 mummies (Ossuary)
  2 howler monkey zombies
  A howler monkey skeleton (D:7)
  7 adders
  18 gnolls
  A shadow imp (D:6)
  A white imp (D:6)
  2 ufetubi
  2 dart slugs (D:4)
  27 orcs
  7 ball pythons
  2 bats (D:3)
  7 endoplasms
  2 giant cockroaches
  4 hobgoblins
  13 jackals
  3 kobolds
  5 quokkas
  2 frilled lizards
  8 goblins
  5 hobgoblin zombies (Ossuary)
  A quokka skeleton (D:4)
  2 rats
  A spectral goblin (D:4)
208 creatures vanquished.

Vanquished Creatures (collateral kills)
  A gargoyle (D:8)
  Prince Ribbit (D:6)
2 creatures vanquished.

Grand Total: 210 creatures vanquished

Notes
Turn   | Place    | Note
-------+----------+-------------------------------------------
     0 | D:5      | Brandom the Troll Delver began the quest for the Orb.
     0 | D:5      | Reached XP level 1. HP: 22/22 MP: 0/0
     6 | D:5      | Noticed a jelly
    13 | D:5      | Noticed a hound
    47 | D:5      | Killed a hound
    48 | D:5      | Reached XP level 2. HP: 24/29 MP: 1/1
    64 | D:5      | Reached skill level 3 in Unarmed Combat
    64 | D:5      | Reached XP level 3. HP: 18/37 MP: 2/2
   103 | D:5      | Reached XP level 4. HP: 31/45 MP: 3/3
   110 | D:5      | Identified the +3 long sword "Kirhecw" {vorpal, Dex+4
                  | Stlth+}
   142 | D:4      | Noticed a centaur
   170 | D:4      | Found a sand-covered staircase.
   175 | Ossuary  | Entered an ossuary
   222 | Ossuary  | Reached XP level 5. HP: 15/53 MP: 4/4
   295 | Ossuary  | Reached skill level 4 in Unarmed Combat
   454 | D:3      | Reached XP level 6. HP: 61/62 MP: 5/5
  1246 | D:1      | Found a faded altar of an unknown god.
  1256 | D:1      | Became a worshipper of Nemelex Xobeh the Trickster
  1256 | D:1      | Reached * piety under Nemelex Xobeh
  1256 | D:1      | Received a gift from Nemelex Xobeh
  1948 | D:3      | Noticed Sigmund
  1964 | D:3      | Killed Sigmund
  1965 | D:3      | Reached skill level 1 in Invocations
  2009 | D:3      | Reached ** piety under Nemelex Xobeh
  2155 | D:3      | Found an iron altar of Okawaru.
  2156 | D:3      | Found a snail-covered altar of Cheibriados.
  2161 | D:3      | Found a basalt altar of Yredelemnul.
  2164 | D:3      | Found a sparkling altar of Nemelex Xobeh.
  2169 | D:3      | Found a shimmering altar of Xom.
  2331 | D:4      | Reached skill level 5 in Unarmed Combat
  2331 | D:4      | Reached XP level 7. HP: 65/71 MP: 6/6
  2366 | D:4      | Noticed Pikel
  2370 | D:4      | Noticed Edmund
  2374 | D:4      | Killed Pikel
  2375 | D:4      | Reached skill level 5 in Fighting
  2375 | D:4      | Reached XP level 8. HP: 72/80 MP: 6/8
  2385 | D:4      | Killed Edmund
  2386 | D:4      | Reached skill level 6 in Unarmed Combat
  2587 | D:4      | Found a hide-covered altar of Uskayaw.
  2588 | D:4      | You fall into a shaft and drop 2 floors!
  2615 | D:6      | Found a radiant altar of Vehumet.
  2638 | D:6      | Noticed Prince Ribbit
  2655 | D:6      | Killed Prince Ribbit
  2909 | D:6      | Reached *** piety under Nemelex Xobeh
  3056 | D:5      | Reached skill level 7 in Unarmed Combat
  3072 | D:5      | Found a runed translucent door.
  3116 | D:5      | Found a staircase to the Ecumenical Temple.
  3293 | D:4      | Reached XP level 9. HP: 91/91 MP: 10/10
  3368 | D:4      | Found a hazy altar of Hepliaklqana.
  3720 | D:5      | Noticed totalnoob's ghost (novice GnBr)
  3754 | D:5      | Killed totalnoob's ghost
  4173 | D:5      | Found a white marble altar of Elyvilon.
  4338 | D:6      | Noticed Blork the orc
  4341 | D:6      | Killed Blork the orc
  4452 | D:6      | Reached skill level 8 in Unarmed Combat
  4887 | D:6      | Reached skill level 5 in Dodging
  5298 | D:7      | Reached XP level 10. HP: 57/102 MP: 12/12
  5442 | D:7      | Received a gift from Nemelex Xobeh
  5493 | D:7      | Identified the -3 pair of boots of the Stallion {rF+ Str+4}
  6145 | D:8      | Noticed a gargoyle
  6155 | D:8      | Reached skill level 9 in Unarmed Combat
  6177 | D:8      | Killed a gargoyle
  6178 | D:8      | Reached skill level 1 in Shields
  6243 | D:8      | Reached skill level 5 in Invocations
  6273 | D:8      | Noticed a cyclops
  6417 | D:8      | Reached **** piety under Nemelex Xobeh
  6491 | D:8      | Identified the +0 lajatang "Buegoqeu" {chaos, rElec}
  6491 | D:8      | Noticed a manticore
  6500 | D:8      | Killed a manticore
  6517 | D:8      | Noticed a gargoyle
  6531 | D:8      | Killed a gargoyle
  6665 | D:8      | Received a gift from Nemelex Xobeh
  6697 | D:8      | Splashed by an acid dragon's acid

Illustrated notes

Levels and vault maps discovered:
D:1:      dpeg_arrival_boxes_within_box, layout_basic,
          chequers_ecumenical_altar_lobes
D:2:      layout_loops_cross
D:3:      layout_rooms, minitemple, uniq_sigmund
D:4:      layout_loops_ring, nicolae_hepliaklqana_monster_ancestors,
          nicolae_uskayaw_murder_on_the_dancefloor, enter_ossuary_2,
          hangedman_decor_points, grunt_decor_cap, uniq_pikel, uniq_edmund
D:5:      layout_gridville, kennysheep_mini, minmay_temple_entry_wispy,
          ebering_ghost_sewer_d, grunt_decor_resistance, corner_web_ring,
          minmay_misc_feat_plants
D:6:      layout_basic, nicolae_vehumet_radiance, uniq_blork_the_orc,
          uniq_prince_ribbit1
D:7:      layout_cave_pools, minmay_circle_x
D:8:      minmay_the_grid_square_5x5_3x3
          [minmay_the_grid_square_5x5_three_small,
          minmay_the_grid_square_5x5_beaten_path,
          minmay_the_grid_square_5x5_broken_cross, minmay_the_grid_square_5x5_z,
          minmay_the_grid_square_5x5_megaprize_open,
          minmay_the_grid_square_5x5_checkered_sparse,
          minmay_the_grid_square_5x5_n, minmay_the_grid_square_5x5_percent,
          minmay_the_grid_square_5x5_meh], layout_loops_cross, serial_shops,
          shop, nicolae_shop_statue_plus

Skill      XL: |  1  2  3  4  5  6  7  8  9 10 |
---------------+-------------------------------+-----
Fighting       | 3 4 5 6 7 8 |  8.4
Dodging        | 2 3 4 5 |  5.8
Unarmed Combat | 3 4 5 7 8 9 |  9.8
Invocations    | 1 2 3 4 5 |  5.3
Shields        | 2 |  2.1
Stealth        | |  2.7

Action                   |  1- 3 |  4- 6 |  7- 9 | 10-12 || total
-------------------------+-------+-------+-------+-------++-------
Melee: Unarmed           |    24 |   168 |   353 |   149 ||   694
       Punch             |       |     6 |     7 |       ||    13
Invok: Draw Summoning    |       |       |     1 |     2 ||     3
  Use: Potion            |       |     2 |     1 |       ||     3
       Scroll            |       |     6 |     1 |       ||     7
 Stab: Sleeping          |       |    10 |     6 |     2 ||    18
Armor: Robe              |     7 |    66 |    79 |    17 ||   169
Dodge: Dodged            |    16 |    87 |   195 |    62 ||   360
Block: Kite shield       |       |       |       |    59 ||    59

Table legend: (Time is in decaauts)
 A = Elapsed time spent in this place.
 B = Non-inter-level travel time spent in this place.
 C = Inter-level travel time spent in this place.
 D = Time resting spent in this place.
 E = Time spent auto-exploring this place.
 F = Levels seen in this place.
 G = Mean time per level.
                   A        B        C        D        E       F      G
               +--------+--------+--------+--------+--------+-----+--------+
         Total |   6650 |   6314 |    336 |    533 |   4107 |   9 |  738.9 |
       Dungeon |   6441 |   6105 |    336 |    485 |   4066 |   8 |  805.1 |
       Ossuary |    208 |    208 |      0 |     48 |     41 |   1 |  208.0 |
               +--------+--------+--------+--------+--------+-----+--------+

Top non-repeatable levels by time:
     D:6: 1420 daAuts
     D:7: 926 daAuts
     D:5: 893 daAuts
     D:4: 803 daAuts
     D:1: 693 daAuts
     D:2: 647 daAuts
     D:8: 564 daAuts
     D:3: 492 daAuts
 Ossuary: 208 daAuts
